 Dungeon Crawl Stone Soup version 0.23.2-33-g5129a83184 (webtiles) character file.

Game seed: 11305157811197110272

1550 FishyPogo the Sneak (level 8, -6/39 HPs)
             Began as a Spriggan Enchanter on Aug 9, 2019.
             Was a Believer of Dithmenos.
             Killed by divine providence
             ... invoked by an orc priest
              (17 damage)
             ... on level 7 of the Dungeon on Aug 10, 2019.
             The game lasted 00:55:48 (8514 turns).

FishyPogo the Sneak (Spriggan Enchanter)            Turns: 8514, Time: 00:55:49

Health: -6/39      AC:  3    Str:  4    XL:     8   Next: 57%
Magic:  16/19      EV: 20    Int: 18    God:    Dithmenos [**....]
Gold:   363        SH:  4    Dex: 17    Spells: 9/21 levels left

rFire    . . .     SeeInvis +   a - +1 dagger
rCold    . . .     Gourm    .   (shield restricted)
rNeg     . . .     Faith    .   j - +0 robe
rPois    .         Spirit   .   y - +1 hat
rElec    .         Reflect  +   (no cloak)
rCorr    .         Harm     .   (gloves unavailable)
MR       +....                  (boots unavailable)
Stlth    +++++.....             u - +4 amulet of reflection
HPRegen  0.13/turn              w - +2 ring of slaying
MPRegen  0.16/turn              (no ring)

@: wreathed by umbra, very quick
A: very small, unfitting armour, see invisible, herbivore, speed 3, slow
metabolism 2
a: Shadow Step, Renounce Religion


You were on level 7 of the Dungeon.
You worshipped Dithmenos.
Dithmenos was pleased with you.
You were not hungry.

You visited 1 branch of the dungeon, and saw 7 of its levels.
You also visited: Sewer.

You collected 408 gold pieces.
You spent 45 gold pieces at shops.

Inventory:

Hand Weapons
 a - a +1 dagger (weapon)
 b - a +0 blowgun
Missiles
 c - 140 stones (quivered)
 D - 37 poisoned needles
Armour
 g - a +0 buckler
 j - a +0 robe (worn)
 y - a +1 hat (worn)
Jewellery
 f - an uncursed ring of fire
 u - a +4 amulet of reflection (around neck)
 w - a +2 ring of slaying (left hand)
Wands
 B - a wand of random effects (24)
Scrolls
 e - 4 scrolls of teleportation {unknown}
 h - 2 scrolls of blinking
 i - a scroll of enchant armour {unknown}
 k - 5 scrolls of remove curse
 r - 4 scrolls of enchant weapon
 s - 2 scrolls of amnesia
 A - 3 scrolls of identify
 C - a scroll of fog {unknown}
 F - a scroll of magic mapping
 G - a scroll of immolation {unknown}
 I - a scroll of fear {unknown}
Potions
 l - 6 potions of curing
 m - 2 potions of berserk rage {unknown}
 n - a potion of flight {unknown}
 o - 2 potions of heal wounds
 p - 2 potions of agility
 q - 3 potions of lignification
 t - 4 potions of invisibility {unknown}
 v - a potion of ambrosia {unknown}
 x - a potion of resistance {unknown}
 z - a potion of degeneration {unknown}
 E - a potion of mutation {unknown}
 H - a potion of brilliance {unknown}
Comestibles
 d - 12 rations


   Skills:
 + Level 2.5 Fighting
 - Level 4.0 Short Blades
 + Level 1.9 Throwing
 + Level 4.6 Dodging
 - Level 7.0 Stealth
 * Level 1.5 Shields
 * Level 7.0 Spellcasting
 + Level 6.1 Hexes
 * Level 2.8 Ice Magic
 * Level 0.0 Evocations


You had 9 spell levels left.
You knew the following spells:

 Your Spells              Type           Power        Failure   Level  Hunger
a - Corona                Hex            ####...      1%          1    None
b - Tukima's Dance        Hex            ####....     2%          3    ##.....
c - Ensorcelled Hibernat  Hex/Ice        ###...       2%          2    None
d - Confuse               Hex            ####....     2%          3    ##.....
e - Dazzling Spray        Conj/Hex       ###...       9%          3    ##.....

Your spell library contained the following spells:

 Spells                   Type           Power        Failure   Level  Hunger


Dungeon Overview and Level Annotations

Branches:
Dungeon (7/15)             Temple (0/1) D:6

Altars:
Ashenzari
Cheibriados
Dithmenos
Elyvilon
Trog
Xom
Yredelemnul

Shops:
D:5 !

Annotations:
D:7 Harold


Innate Abilities, Weirdness & Mutations

You are very small and have problems with some larger weapons.
You are too small for most types of armour.
You have supernaturally acute eyesight. (SInv)
You are a herbivore.
You cover ground extremely quickly.
You need to consume almost no food.


Message History

Confirm with . or Enter, or press ? or * to list all spells.
Okay, then.
The orc priest looks braver for a moment.
Casting: Ensorcelled Hibernation (safe; 2% risk of failure)
Confirm with . or Enter, or press ? or * to list all spells.
Aiming: Ensorcelled Hibernation (safe; 2% risk of failure)
Press: ? - help, Shift-Dir - straight line, f/p - orc wizard
Aim: an orc wizard, wielding a +0 dagger and wearing a +0 robe (severely wounded, fast, umbra, chance to defeat MR: 51%)
The orc wizard resists with some effort.
The orc wizard gestures at you while chanting.
The puff of flame hits you!
The orc priest mumbles some strange prayers to Beogh against you.
Pain shoots through your body!
* * * LOW HITPOINT WARNING * * *
The orc priest casts a cantrip, but nothing happens.
There is a stone staircase leading up here.
The orc wizard completely misses you.
The orc priest mumbles some strange prayers to Beogh against you.
Beogh smites you!
You die...

#.........##### ####
#............).
....#####.........#####
#....##.........#...o ..
####........o..[)#...#
#..#...............))...#
#....###†#.........##...#
...##..
.........oZ.O..##.....#..
)...#..
.#.#....@############## .
.!.... .......#.# Y...#
#..#.>.#.. ?...# ..
###....# ....#.. # ##...#
.o....# @.### ....... ..
..o.### ### o...#


You could see Harold (wandering), an ogre, an orc priest, an orc wizard and an
adder zombie.

Vanquished Creatures
  Eustachio (D:6)
  Duvessa (D:5)
  An ice beast (D:6)
  2 ogres (D:6)
  A crocodile (Sewer)
  3 bullfrogs (D:6)
  Dowan (D:5)
  A scorpion (D:6)
  A crimson imp (D:7)
  A bullfrog zombie (D:5)
  An orc priest (D:4)
  2 bullfrog skeletons
  An iron imp (D:6)
  2 orc wizards (D:4)
  3 iguanas
  Natasha (twice) (D:2)
  A worker ant (D:6)
  2 hound skeletons
  4 gnolls
  A howler monkey skeleton (D:4)
  9 adders
  An ooze (D:3)
  An adder skeleton (D:6)
  A worm (D:2)
  2 dart slugs
  4 leopard geckos
  20 orcs
  5 giant cockroaches
  2 gnoll zombies (D:6)
  9 goblins
  8 hobgoblins
  10 jackals
  3 quokkas (D:2)
  7 bats
  4 frilled lizards
  11 kobolds
  3 rats
132 creatures vanquished.

Vanquished Creatures (collateral kills)
  2 orcs
  2 goblins
4 creatures vanquished.

Vanquished Creatures (others)
  2 dancing weapons
2 creatures vanquished.

Grand Total: 138 creatures vanquished

Notes
Turn   | Place    | Note
-------+----------+-------------------------------------------
     0 | D:1      | FishyPogo the Spriggan Enchanter began the quest for the
                  | Orb.
     0 | D:1      | Reached XP level 1. HP: 9/9 MP: 5/5
   952 | D:1      | Reached XP level 2. HP: 10/13 MP: 4/6
  1522 | D:1      | Reached skill level 5 in Stealth
  2259 | D:1      | Reached XP level 3. HP: 15/16 MP: 8/8
  2264 | D:1      | Learned a level 3 spell: Tukima's Dance
  2267 | D:1      | Learned a level 2 spell: Ensorcelled Hibernation
  2535 | D:2      | Found a shattered altar of Ashenzari.
  2819 | D:2      | Found a shimmering altar of Xom.
  2844 | D:2      | Noticed Natasha
  2856 | D:2      | Killed Natasha
  2856 | D:2      | Reached skill level 1 in Ice Magic
  2856 | D:2      | Reached XP level 4. HP: 21/21 MP: 0/9
  3041 | D:2      | Noticed Natasha
  3048 | D:2      | Killed Natasha
  3773 | D:3      | Reached XP level 5. HP: 20/24 MP: 2/11
  4212 | D:3      | Found a white marble altar of Elyvilon.
  4212 | D:3      | Found a shadowy altar of Dithmenos.
  4213 | D:3      | Found a bloodstained altar of Trog.
  4222 | D:3      | Became a worshipper of Dithmenos the Shadowed
  4789 | D:4      | Learned a level 3 spell: Confuse
  5300 | D:4      | Reached XP level 6. HP: 24/29 MP: 13/13
  5852 | D:4      | Reached * piety under Dithmenos
  5852 | D:4      | Reached skill level 1 in Fighting
  6088 | D:5      | Entered Level 5 of the Dungeon
  6169 | D:5      | Reached skill level 5 in Hexes
  6183 | D:5      | Learned a level 3 spell: Dazzling Spray
  6184 | D:5      | Noticed Duvessa
  6187 | D:5      | Noticed Dowan
  6334 | D:5      | Killed Duvessa
  6334 | D:5      | Reached skill level 5 in Spellcasting
  6334 | D:5      | Reached XP level 7. HP: 21/33 MP: 1/15
  6685 | D:5      | Found Qeheigh's Distillery.
  6701 | D:5      | Bought a potion of curing for 45 gold pieces
  7031 | D:5      | Killed Dowan
  7249 | D:6      | Found a glowing drain.
  7253 | Sewer    | Entered a sewer
  7529 | D:6      | Found a snail-covered altar of Cheibriados.
  7601 | D:6      | Reached skill level 1 in Throwing
  7708 | D:6      | Reached XP level 8. HP: 19/39 MP: 12/18
  7922 | D:6      | Reached ** piety under Dithmenos
  8129 | D:6      | Found a basalt altar of Yredelemnul.
  8150 | D:6      | Reached skill level 1 in Shields
  8204 | D:6      | Found a staircase to the Ecumenical Temple.
  8240 | D:6      | Noticed Eustachio
  8245 | D:6      | Killed Eustachio
  8383 | D:7      | Noticed Harold
  8514 | D:7      | Killed from afar by an orc priest

Skill      XL: |  1  2  3  4  5  6  7  8 |
---------------+-------------------------+-----
Stealth        | 5 6 7 |  7.0
Spellcasting   | 3 4 5 6 7 |  7.0
Dodging        | 4 |  4.6
Hexes          | 4 5 6 |  6.1
Ice Magic      | 1 2 |  2.8
Short Blades   | 2 3 4 |  4.0
Fighting       | 1 2 |  2.5
Throwing       | 1 |  1.9
Shields        | 1 |  1.5

Action                   |  1- 3 |  4- 6 |  7- 9 || total
-------------------------+-------+-------+-------++-------
Melee: Dagger            |   167 |   306 |   175 ||   648
Throw: Stone             |    16 |     1 |       ||    17
 Cast: Corona            |    28 |     3 |     1 ||    32
       Ensorcelled Hiber |    10 |    54 |    22 ||    86
       Tukima's Dance    |     5 |     8 |     1 ||    14
       Confuse           |       |       |     8 ||     8
Evoke: Wand              |       |       |     1 ||     1
  Use: Scroll            |     1 |     6 |     2 ||     9
 Stab: Sleeping          |    15 |    25 |    19 ||    59
       Distracted        |       |     2 |     1 ||     3
       Confused          |       |       |     3 ||     3
  Eat: Ration            |       |     4 |     1 ||     5
Armor: Robe              |    11 |    22 |     8 ||    41
Dodge: Dodged            |   145 |   221 |   145 ||   511
Block: Other             |       |    17 |    15 ||    32
